 Dungeon Crawl Stone Soup version 0.30.2 (webtiles) character file.

Game seed: 10155869789244857487

35317 porpoise the Marksfrog (level 13, -8/103 HPs)
             Began as a Barachi Hunter on Mar 22, 2024.
             Was the Champion of Cheibriados.
             Mangled by a death yak (23 damage)
             ... on level 5 of the Lair of Beasts on Mar 23, 2024.
             The game lasted 01:00:45 (13835 turns).

porpoise the Marksfrog (Barachi Hunter)            Turns: 13835, Time: 01:00:46

Health: -8/103     AC: 12    Str: 28    XL:     13   Next: 83%
Magic:  18/18      EV: 20    Int: 21    God:    Cheibriados [******]
Gold:   726        SH:  0    Dex: 34    Spells: 5/18 levels left

rFire   + . .        a - +7 longbow (freeze)
rCold   + . .        (shield currently unavailable)
rNeg    + . .        h - +6 leather armour of Lifelessness {+Inv rN+ Int-5}
rPois   .            P - +0 hat
rElec   .            q - scarf {rC+ rF+}
rCorr   +            (no gloves)
SInv    .            s - +1 pair of boots
Will    .....        p - amulet of regeneration
Stlth   +++          C - ring of resist corrosion
HPRegen 1.17/turn    (no ring)
MPRegen 0.16/turn

%: no passive effects
@: very slow
A: amphibious, slowness 1, strong legs 2, +LOS
a: Hop, Renounce Religion, Evoke Invisibility, Bend Time, Temporal Distortion,
Slouch, Step From Time


You were on level 5 of the Lair of Beasts.
You worshipped Cheibriados.
Cheibriados was exalted by your worship.
You visited 3 branches of the dungeon, and saw 16 of its levels.

You collected 1038 gold pieces.
You spent 312 gold pieces at shops.

Inventory:

Hand Weapons
 a - a +7 longbow of freezing (weapon)
 b - a +4 rapier
 t - the +5 quarterstaff "Killer Klown's Doom" {drain, Contam Str+5 Int+4}
   (You found it on level 4 of the Lair of Beasts)

   Str:       It affects your strength (+5).
   Int:       It affects your intelligence (+4).
   Contam:    It causes magical contamination when unequipped.
 w - a +2 scimitar of flaming
Missiles
 k - a throwing net
 I - 2 curare-tipped darts
Armour
 h - the +6 leather armour of Lifelessness (worn) {+Inv rN+ Int-5}
   (You found it on level 3 of the Lair of Beasts)

   Int:       It affects your intelligence (-5).
   rN:        It protects you from negative energy.
   +Inv:      It lets you turn invisible.
 q - a scarf of resistance (worn)
 s - a +1 pair of boots (worn)
 E - a +3 leather armour
 P - a +0 hat (worn)
Magical Staves
 e - a staff of conjuration
Jewellery
 p - an amulet of regeneration (around neck)
 C - a ring of resist corrosion (left hand)
Wands
 c - a wand of polymorph (3)
 y - a wand of digging (3)
 K - a wand of flame (25)
 L - a wand of roots (9)
Scrolls
 d - a scroll of vulnerability
 g - 7 scrolls of teleportation
 i - a scroll of immolation
 l - a scroll of brand weapon
 m - a scroll of fog
 n - a scroll of enchant weapon
 o - 2 scrolls of poison
 A - 2 scrolls of magic mapping
 J - 2 scrolls of silence
 M - a scroll of fear
Potions
 f - 3 potions of curing
 j - 3 potions of berserk rage
 r - a potion of invisibility
 u - 3 potions of lignification
 v - 2 potions of cancellation
 z - 3 potions of ambrosia
 D - a potion of flight
 F - a potion of attraction


   Skills:
 - Level 10.1 Fighting
 * Level 17.0 Ranged Weapons
 - Level 7.0 Armour
 - Level 7.0 Dodging
 - Level 0.8 Stealth
 - Level 3.0 Spellcasting
 + Level 3.8 Hexes
 + Level 3.9 Translocations
 + Level 7.6 Invocations
 - Level 5.0 Evocations


You had 5 spell levels left.
You knew the following spells:

 Your Spells              Type           Power      Damage    Failure   Level
i - Ignite Poison         Fire/Tmut/Pois 3%         N/A       41%         3
o - Olgreb's Toxic Radia  Pois           3%         N/A       82%         4
p - Portal Projectile     Hex/Tloc       38%        N/A       9%          3
t - Tukima's Dance        Hex            19%        N/A       9%          3

Your spell library contained the following spells:

 Spells                   Type           Power      Damage    Failure   Level
 Apportation              Tloc           38%        N/A       3%          1
 Blink                    Tloc           38%        N/A       4%          2
 Lesser Beckoning         Tloc           38%        N/A       4%          2
 Momentum Strike          Conj/Tloc      22%        3d8       10%         2
 Sandblast                Erth           6%         2d5       14%         1
 Cigotuvi's Dreadful Rot  Necr/Pois/Air  6%         N/A       22%         2
 Passwall                 Tmut/Erth      2%         N/A       22%         2
 Passage of Golubria      Tloc           19%        N/A       28%         4
 Stone Arrow              Conj/Erth      6%         3d7       41%         3
 Yara's Violent Unravell  Hex/Tmut       5%         3d4       88%         5
 Alistair's Intoxication  Tmut/Pois      2%         N/A       99%         5
 Blade Hands              Tmut           1%         N/A       99%         5
 Freezing Cloud           Conj/Ice/Air   1%         6-21      99%         5
 Discord                  Hex            9%         N/A       100%        8
 Ignition                 Fire           1%         3d3       100%        8


Dungeon Overview and Level Annotations

Branches:
Dungeon (10/15)            Temple (1/1) D:6            Lair (5/5) D:9
  Swamp (0/4) Lair:3        Snake (0/4) Lair:2        Slime (0/5) Lair:4
    Orc: D:9-12

Altars:
Ashenzari
Cheibriados
Dithmenos
Elyvilon
Fedhas
Gozag
Hepliaklqana
Kikubaaqudgha
Makhleb
Nemelex Xobeh
Okawaru
Qazlal
Ru
Sif Muna
Trog
Uskayaw
Vehumet
Wu Jian
Xom
Yredelemnul
Zin
The Shining One
Jiyva

Shops:
D:4 (   D:6 !   D:7 ?

Annotations:
D:4 1 runed translucent door, Crazy Yiuf
D:10 2 transporters, porpoise's ghost, journeyman KoHu


Innate Abilities, Weirdness & Mutations

You are amphibious.
You cover ground slowly.
You can hop long distances.
You have an extended range of vision and can be seen from far away.


Message History

You shoot an arrow. The arrow barely misses the death yak.
The arrow hits the death yak!!
The arrow freezes the death yak!
The death yak is heavily wounded.
The death yak completely misses you.
You shoot an arrow. The arrow hits the death yak!!!
The arrow freezes the death yak!
You kill the death yak!
Cheibriados appreciates the change of pace.
The death yak gores you!
The death yak gores you but does no damage.
The death yak gores you!
* * * LOW HITPOINT WARNING * * *
Things that are here:
a death yak corpse; a death yak corpse You shoot an arrow.
The arrow hits the death yak!!!
The arrow freezes the death yak.
The death yak is almost dead.
You shoot an arrow. The arrow hits the death yak.
The arrow freezes the death yak.
The death yak is almost dead.
The death yak gores you but does no damage.
You shoot an arrow. The arrow hits the death yak.
The arrow freezes the death yak.
You kill the death yak!
Cheibriados thoroughly appreciates the change of pace.
You shoot an arrow. The arrow hits the death yak!
The arrow freezes the death yak.
The death yak is moderately wounded.
The death yak gores you!!
* * * LOW HITPOINT WARNING * * *
You shoot an arrow. The arrow hits the death yak!
The arrow freezes the death yak.
The death yak is heavily wounded.
The death yak gores you but does no damage.
You shoot an arrow. The arrow barely misses the death yak.
You shoot an arrow. The arrow hits the death yak!
The arrow freezes the death yak.
The death yak is severely wounded.
The death yak gores you!!
You die...

.... ...
...........#.
........#.#.#
.............##
........#.#.#.##
...............##
........#.#.#...###
...............##.#
........#.#.#.##@##
............Y.#Y##
........#.#(#..##
...............#
.[.#....#.#.#..##
..#.............###
.#....<.#.#.#....P#
##..P...........P##
#..#...#.#.#....#


You could see a death yak.

Vanquished Creatures
  Fannar (Lair:1)
  2 ghost crabs (Lair:3)
  3 hydras
  2 catoblepae
  Erica (D:8)
  A two-headed ogre (D:9)
  5 death yaks (Lair:5)
  Amaemon (D:9)
  4 oklob plants (Lair:3)
  17 elephants
  Joseph (D:9)
  A black mamba (Lair:5)
  An orange demon (D:9)
  6 cane toads
  8 komodo dragons
  A rime drake (Lair:2)
  2 trolls
  A hornet (D:10)
  A polar bear (Lair:2)
  Prince Ribbit (D:9)
  7 blink frogs
  A spectral black mamba (Lair:3)
  2 wyverns
  A vampire (D:10)
  A shadow (D:10)
  19 yaks
  5 basilisks
  11 water moccasins
  A floating eye (Lair:3)
  3 orc warriors
  3 ice beasts
  A sky beast (D:6)
  A black bear (Lair:1)
  An ogre (D:6)
  7 centaurs
  13 wolves
  A spectral wyvern (Lair:3)
  2 kobold brigands (D:9)
  11 bullfrogs
  3 scorpions
  3 gnoll sergeants
  3 killer bees (D:7)
  2 electric eels (D:9)
  5 howler monkeys
  8 jellies
  A gnoll bouda (D:5)
  3 orc priests
  8 hounds
  A sleepcap (D:8)
  7 hell rats (Lair:4)
  6 iguanas
  16 orc wizards
  27 gnolls
  13 adders
  A shadow imp (D:7)
  2 white imps
  An ufetubus (D:7)
  3 worms
  A dart slug (D:4)
  28 orcs
  3 endoplasms
  5 giant cockroaches
  3 goblins
  12 hobgoblins
  4 jackals (D:1)
  6 quokkas
  3 ball pythons
  8 bats
  4 frilled lizards
  19 kobolds
  5 rats
  2 butterflies (D:4)
367 creatures vanquished.

Vanquished Creatures (others)
  Psyche (D:9)
1 creature vanquished.

Grand Total: 368 creatures vanquished

Notes
Turn   | Place    | Note
-------+----------+-------------------------------------------
     0 | D:1      | porpoise the Barachi Hunter began the quest for the Orb.
     0 | D:1      | Reached XP level 1. HP: 17/17 MP: 1/1
   155 | D:1      | Reached XP level 2. HP: 23/23 MP: 2/2
   211 | D:1      | Found a faded altar of an unknown god.
   404 | D:1      | Reached XP level 3. HP: 29/29 MP: 3/3
   815 | D:2      | Reached skill level 5 in Ranged Weapons
   918 | D:2      | Reached XP level 4. HP: 23/35 MP: 4/4
  1284 | D:2      | Reached XP level 5. HP: 42/42 MP: 5/5
  2489 | D:4      | Reached skill level 6 in Ranged Weapons
  2734 | D:4      | Found a runed translucent door.
  2735 | D:4      | Noticed Crazy Yiuf
  2854 | D:4      | Found Unaporiff's Antique Weapon Shoppe.
  2947 | D:4      | Reached skill level 5 in Fighting
  2947 | D:4      | Reached XP level 6. HP: 49/51 MP: 6/6
  3309 | D:5      | Entered Level 5 of the Dungeon
  3548 | D:5      | Found a white marble altar of Elyvilon.
  3736 | D:5      | Reached XP level 7. HP: 59/59 MP: 7/7
  4010 | D:5      | Found a basalt altar of Yredelemnul.
  4194 | D:6      | Found a staircase to the Ecumenical Temple.
  4203 | Temple   | Entered the Ecumenical Temple
  4582 | Temple   | Became a worshipper of Cheibriados the Contemplative
  4860 | D:6      | Reached skill level 7 in Ranged Weapons
  4875 | D:6      | Reached XP level 8. HP: 29/68 MP: 8/8
  5018 | D:6      | Reached skill level 8 in Ranged Weapons
  5043 | D:6      | Found Gaasuidu's Distillery.
  5066 | D:6      | Bought a potion of degeneration for 12 gold pieces
  5066 | D:6      | Bought 2 potions of haste for 240 gold pieces
  5066 | D:6      | Bought a potion of heal wounds for 60 gold pieces
  5176 | D:6      | Reached * piety under Cheibriados
  5187 | D:6      | Reached skill level 1 in Invocations
  6038 | D:7      | Reached skill level 9 in Ranged Weapons
  6038 | D:7      | Reached XP level 9. HP: 76/76 MP: 10/10
  6174 | D:7      | Found a radiant altar of Vehumet.
  6393 | D:7      | Reached ** piety under Cheibriados
  6405 | D:7      | Found Jipanuj's Magic Scroll Emporium.
  6637 | D:8      | Identified a scroll of acquirement
  6637 | D:8      | Acquired a +1 longbow of freezing
  6682 | D:8      | Reached skill level 10 in Ranged Weapons
  6698 | D:8      | Reached skill level 1 in Armour
  6805 | D:8      | Noticed Erica
  6811 | D:8      | Killed Erica
  6812 | D:8      | Reached XP level 10. HP: 83/83 MP: 11/13
  6960 | D:8      | Reached skill level 11 in Ranged Weapons
  7293 | D:9      | Noticed Prince Ribbit
  7301 | D:9      | Killed Prince Ribbit
  7301 | D:9      | Reached *** piety under Cheibriados
  7311 | D:9      | Learned a level 3 spell: Portal Projectile
  7315 | D:9      | Learned a level 3 spell: Tukima's Dance
  7357 | D:9      | Reached skill level 5 in Invocations
  7448 | D:9      | Found a staircase to the Lair.
  7458 | D:9      | Reached **** piety under Cheibriados
  7462 | D:9      | Reached skill level 5 in Armour
  7463 | D:9      | Noticed Psyche
  7474 | D:9      | Noticed a two-headed ogre
  7475 | D:9      | Killed Psyche
  7481 | D:9      | Killed a two-headed ogre
  7482 | D:9      | Reached skill level 12 in Ranged Weapons
  7489 | D:9      | Noticed Joseph
  7497 | D:9      | Killed Joseph
  7571 | D:9      | Reached XP level 11. HP: 74/89 MP: 15/15
  7606 | D:9      | Noticed Amaemon
  7619 | D:9      | Killed Amaemon
  7720 | D:9      | Reached skill level 13 in Ranged Weapons
  8161 | D:10     | Entered Level 10 of the Dungeon
  8205 | D:10     | Reached ***** piety under Cheibriados
  8331 | D:10     | Found a transporter.
  8331 | D:10     | Found a transporter.
  8334 | D:10     | Noticed porpoise's ghost (journeyman KoHu)
  8656 | Lair:1   | Entered Level 1 of the Lair of Beasts
  8656 | Lair:1   | Noticed an eight-headed hydra
  8664 | D:9      | Killed a four-headed hydra
  8665 | D:9      | Reached skill level 1 in Evocations
  8750 | Lair:1   | Found a blossoming altar of Fedhas.
  8899 | Lair:1   | Noticed Fannar
  8912 | Lair:1   | Killed Fannar
  8913 | Lair:1   | Reached skill level 14 in Ranged Weapons
  9425 | Lair:1   | Reached XP level 12. HP: 70/95 MP: 17/17
  9746 | Lair:2   | Found a staircase to the Snake Pit.
  9827 | Lair:2   | Reached skill level 5 in Dodging
 10350 | Lair:2   | Noticed a five-headed hydra
 10355 | Lair:2   | Killed a five-headed hydra
 10577 | Lair:3   | Reached skill level 5 in Evocations
 10744 | Lair:3   | Reached skill level 15 in Ranged Weapons
 11040 | Lair:3   | Noticed a catoblepas
 11053 | Lair:3   | Killed a catoblepas
 11256 | Lair:3   | Noticed a six-headed hydra
 11261 | Lair:3   | Killed a six-headed hydra
 11267 | Lair:3   | Identified the +6 leather armour of Lifelessness {+Inv rN+
                  | Int-5}
 11565 | Lair:3   | Noticed a ghost crab
 11574 | Lair:3   | Killed a ghost crab
 11575 | Lair:3   | Reached skill level 1 in Spellcasting
 11581 | Lair:3   | Noticed a ghost crab
 11591 | Lair:3   | Killed a ghost crab
 11662 | Lair:3   | Found a staircase to the Swamp.
 12116 | Lair:4   | Gained mutation: You can hop long distances. [Barachi
                  | growth]
 12116 | Lair:4   | Reached XP level 13. HP: 96/101 MP: 18/18
 12126 | Lair:4   | Reached skill level 16 in Ranged Weapons
 12364 | Lair:4   | Found a staircase to the Slime Pits.
 12382 | Lair:4   | Found a viscous altar of Jiyva.
 12487 | Lair:4   | Identified the +5 quarterstaff "Killer Klown's Doom"
                  | {drain, Contam Str+5 Int+4}
 12779 | Lair:5   | Entered Level 5 of the Lair of Beasts
 12917 | Lair:5   | Reached skill level 1 in Hexes
 12918 | Lair:5   | Reached skill level 10 in Fighting
 12918 | Lair:5   | Reached skill level 1 in Translocations
 13114 | Lair:4   | Reached ****** piety under Cheibriados
 13449 | Lair:5   | Learned a level 4 spell: Olgreb's Toxic Radiance
 13453 | Lair:5   | Learned a level 3 spell: Ignite Poison
 13826 | Lair:5   | Reached skill level 17 in Ranged Weapons
 13835 | Lair:5   | Mangled by a death yak

Illustrated notes

Levels and vault maps discovered:
D:1:      saegor_arrival_under_anarchy, layout_loops_ring,
          dreamdust_ecumenical_altar_hidden_monk_grotto, minmay_quantized
D:2:      layout_loops_ring, minmay_hedge_maze, chequers_serial_rivers_room_b,
          minmay_hexomino_c4
D:3:      layout_basic
D:4:      layout_loops_corners, serial_shops, nicolae_stop_n_shop_2,
          hangedman_glass_garden, st_stairs_6,
          hangedman_abyss_or_decor_lesser_grid, uniq_crazy_yiuf_cottage
D:5:      layout_loops_cross, yredelemnul_altar_generic, lemuel_doored_altar,
          hangedman_decor_points
D:6:      layout_basic, minmay_temple_entry_mini_moons, serial_shops, shop
D:7:      layout_cave_pools, grunt_ministairs_2, minmay_shop_grid_forest,
          kennysheep_diamond
D:8:      layout_loops_ring, uniq_erica
D:9:      layout_roguey, erik_lair_island, chequers_decorated_corner,
          chequers_serial_rivers_marsh, st_stairs_4, grunt_decor_mini_mirrors,
          uniq_amaemon, uniq_prince_ribbit1, uniq_joseph, uniq_psyche
D:10:     layout_rooms, gammafunk_ghost_hive
Temple:   mainiacjoe_temple_big_plus
Lair:1:   layout_roguey, lemuel_centaur_altar, infiniplex_staircase_pool,
          serial_bayou_shore_a, uniq_fannar
Lair:2:   layout_cave_pods, dummy_snake_entry, grunt_megastairs_2,
          lemuel_fruit_fields
Lair:3:   layout_cellular_growth, nicolae_swamp_entry_spooky, minivault_23,
          disabler_island
Lair:4:   layout_cave_pods, nicolae_slime_entry_field_trip
Lair:5:   evilmike_catoblepas_cave, layout_cave_pods, st_stairs_13,
          serial_bayou_pond_b, nicolae_quartered_pool_little, wad_woods_06

Skill      XL: |  1  2  3  4  5  6  7  8  9 10 11 12 13 |
---------------+----------------------------------------+-----
Fighting       | 3 5 6 8 9 10 | 10.1
Ranged Weapons | 5 6 7 9 10 12 14 15 17 | 17.0
Invocations    | 2 4 6 7 |  7.6
Armour         | 3 6 7 |  7.0
Evocations     | 3 5 |  5.0
Dodging        | 4 7 |  7.0
Spellcasting   | 2 3 |  3.0
Hexes          | 3 |  3.8
Translocations | 3 |  3.9
Stealth        | |  0.8

Action                     |  1- 3 |  4- 6 |  7- 9 | 10-12 | 13-15 || total
---------------------------+-------+-------+-------+-------+-------++-------
  Melee: Double sword      |       |       |    40 |       |       ||    40
         Shortbow          |       |       |     1 |       |       ||     1
         Rapier            |       |       |       |     7 |       ||     7
         Scimitar          |       |       |       |     4 |       ||     4
   Fire: Shortbow          |    96 |   223 |   231 |       |       ||   550
         Longbow           |       |       |    41 |   407 |   175 ||   623
 Invoke: Slouch            |       |       |       |     1 |       ||     1
Ability: Hop               |       |       |       |       |     1 ||     1
  Evoke: Wand              |       |       |       |       |     1 ||     1
    Use: Scroll            |       |     9 |     9 |     9 |     3 ||    30
         Potion            |       |       |       |     3 |     1 ||     4
   Stab: Sleeping          |       |       |     1 |       |       ||     1
 Armour: Leather armour    |    13 |       |    70 |    47 |    31 ||   161
         Ring mail         |       |    54 |       |       |       ||    54
  Dodge: Dodged            |    33 |    55 |   110 |    93 |   131 ||   422
